SKY
HOUSTON ASTROS @ VANCOUVER CASCADES
05/23/2052
 
TOP OF THE 1ST
Houston Astros batting - Pitching for Vancouver Cascades : RHP Julius Poole
Pitching: RHP Julius Poole
Batting: LHB Fallon Harrigan 0-0: Called Strike
0-1: Ground out 6-3 (Groundball, 6, EV 83.1 MPH)
Batting: RHB Joshua Massengill 0-0: Ball
1-0: Fly out, F3 (Popup, 23F, EV 88.1 MPH)
Batting: RHB Stephan Davis 0-0: Ball
1-0: Swinging Strike
1-1: Swinging Strike
1-2: Ball
2-2: Strikes out swinging
Top of the 1st over - 0 runs, 0 hits, 0 errors, 0 left on base; Houston 0 - Vancouver 0
BOTTOM OF THE 1ST
Vancouver Cascades batting - Pitching for Houston Astros : RHP Isaiah Beauregard
Pitching: RHP Isaiah Beauregard
Batting: LHB Rey Esparza 0-0: Called Strike
0-1: Foul Ball, location: 25F
0-2: Foul Ball, location: 2F
0-2: Foul Ball, location: 5SF
0-2: Foul Ball, location: 2F
0-2: Foul Ball, location: 5FF
0-2: Ball
1-2: Strikes out looking
Batting: LHB Tony Patino 0-0: Swinging Strike
0-1: Foul Ball, location: 2F
0-2: Ball
1-2: Strikes out looking
Batting: LHB Lawrence Carla 0-0: Ball
1-0: Swinging Strike
1-1: Ball
2-1: Foul Ball, location: 7LDF
2-2: Strikes out swinging
Bottom of the 1st over - 0 runs, 0 hits, 0 errors, 0 left on base; Houston 0 - Vancouver 0
TOP OF THE 2ND
Houston Astros batting - Pitching for Vancouver Cascades : RHP Julius Poole
Batting: RHB Bill Thyfault 0-0: Foul Ball, location: 2F
0-1: Ball
1-1: DOUBLE (Line Drive, 9LS, EV 106.9 MPH)
Batting: RHB Rick Howard 0-0: Foul Ball, location: 2F
0-1: Swinging Strike
0-2: Ball
1-2: Ball
2-2: Strikes out swinging
Batting: LHB Caleb England 0-0: Fly out, F7 (Flyball, 78M, EV 86.9 MPH)
Batting: RHB P.J. Sandino 0-0: Ball
1-0: Foul Ball, location: 25FF
1-1: Ground out 5-3 (Groundball, 56, EV 87.5 MPH)
Top of the 2nd over - 0 runs, 1 hit, 0 errors, 1 left on base; Houston 0 - Vancouver 0
BOTTOM OF THE 2ND
Vancouver Cascades batting - Pitching for Houston Astros : RHP Isaiah Beauregard
Batting: LHB Tony Wichmann 0-0: Called Strike
0-1: Swinging Strike
0-2: Fly out, F6 (Popup, 6S, EV 72.5 MPH)
Batting: RHB Echo Warren 0-0: Called Strike
0-1: Ball
1-1: Ball
2-1: Ball
3-1: Swinging Strike
3-2: Strikes out looking
Batting: SHB Beau Koss 0-0: Called Strike
0-1: Foul Ball, location: 5SF
0-2: Ball
1-2: Fly out, F7 (Flyball, 7LM, EV 96.9 MPH)
Bottom of the 2nd over - 0 runs, 0 hits, 0 errors, 0 left on base; Houston 0 - Vancouver 0
TOP OF THE 3RD
Houston Astros batting - Pitching for Vancouver Cascades : RHP Julius Poole
Batting: LHB Austin Mitchell 0-0: Ball
1-0: Foul Ball, location: 25F
1-1: Ball
2-1: Foul Ball, location: 7LSF
2-2: Foul Ball, location: 5F
2-2: Ball
3-2: Foul Ball, location: 2F
3-2: Ground out 4-3 (Groundball, 4M, EV 106.3 MPH)
Batting: RHB Nick Burkard 0-0: Ball
1-0: Called Strike
1-1: Ball
2-1: Ground out 5-3 (Groundball, 56, EV 106.9 MPH)
Batting: LHB Fallon Harrigan 0-0: Ball
1-0: Called Strike
1-1: DOUBLE (Flyball, 8RXD, EV 108.8 MPH)
Batting: RHB Joshua Massengill 0-0: Swinging Strike
0-1: Swinging Strike
0-2: Strikes out swinging
Top of the 3rd over - 0 runs, 1 hit, 0 errors, 1 left on base; Houston 0 - Vancouver 0
BOTTOM OF THE 3RD
Vancouver Cascades batting - Pitching for Houston Astros : RHP Isaiah Beauregard
Batting: SHB Asher Wurtz 0-0: TRIPLE (Flyball, 89XD, EV 103.1 MPH)
Batting: RHB Jessie Cochran 0-0: Called Strike
0-1: Ball
1-1: Foul Ball, location: 2F
1-2: Ball
2-2: Ball
3-2: Ground out 6-3 (Groundball, 6, EV 105.6 MPH)
Batting: RHB Adam Young 0-0: Called Strike
0-1: Ball
1-1: DOUBLE (Flyball, 8LXD, EV 100.6 MPH)
Asher Wurtz scores
Batting: LHB Rey Esparza 0-0: Ground out 5-3 (Groundball, 56, EV 80.0 MPH)
Batting: LHB Tony Patino 0-0: Ball
1-0: Ball
2-0: Foul Ball, location: 2F
2-1: Called Strike
2-2: Foul Ball, location: 7LMF
2-2: Strikes out swinging
Bottom of the 3rd over - 1 run, 2 hits, 0 errors, 1 left on base; Houston 0 - Vancouver 1
TOP OF THE 4TH
Houston Astros batting - Pitching for Vancouver Cascades : RHP Julius Poole
Batting: RHB Stephan Davis 0-0: Called Strike
0-1: Called Strike
0-2: Ball
1-2: Ground out 4-3 (Groundball, 4, EV 88.1 MPH)
Batting: RHB Bill Thyfault 0-0: SINGLE (Line Drive, 9LS, EV 103.1 MPH)
Batting: RHB Rick Howard 0-0: Called Strike
0-1: Ball
1-1: Ball
Bill Thyfault steals 2nd base
2-1: Foul Ball, location: 5FF
2-2: Foul Ball, location: 2F
2-2: Ball
3-2: Fly out, F9 (Flyball, 89XD, EV 82.5 MPH)
Runner from 2nd tags up, SAFE at 3rd, no throw by RF
Batting: LHB Caleb England 0-0: Ball
1-0: Fly out, F5 (Popup, 5S, EV 68.1 MPH)
Top of the 4th over - 0 runs, 1 hit, 0 errors, 1 left on base; Houston 0 - Vancouver 1
BOTTOM OF THE 4TH
Vancouver Cascades batting - Pitching for Houston Astros : RHP Isaiah Beauregard
Batting: LHB Lawrence Carla 0-0: SOLO HOME RUN (Flyball, 9D, EV 93.8 MPH), Distance : 355 ft
Batting: LHB Tony Wichmann 0-0: Called Strike
0-1: Ball
1-1: SOLO HOME RUN (Flyball, 9LD, EV 93.8 MPH), Distance : 333 ft
Batting: RHB Echo Warren 0-0: Ball
1-0: Called Strike
1-1: Ball
2-1: Ball
3-1: Called Strike
3-2: Fly out, F8 (Flyball, 78S, EV 93.1 MPH)
Batting: SHB Beau Koss 0-0: Called Strike
0-1: Called Strike
0-2: Foul Ball, location: 2F
0-2: Ball
1-2: Strikes out swinging
Batting: SHB Asher Wurtz 0-0: Ball
1-0: Swinging Strike
1-1: Ground out 4-3 (Groundball, 4M, EV 103.8 MPH)
Bottom of the 4th over - 2 runs, 2 hits, 0 errors, 0 left on base; Houston 0 - Vancouver 3
TOP OF THE 5TH
Houston Astros batting - Pitching for Vancouver Cascades : RHP Julius Poole
Batting: RHB P.J. Sandino 0-0: Called Strike
0-1: Foul Ball, location: 2F
0-2: Strikes out looking
Batting: LHB Austin Mitchell 0-0: Called Strike
0-1: Ball
1-1: Fly out, F7 (Flyball, 78S, EV 89.4 MPH)
Batting: RHB Nick Burkard 0-0: Called Strike
0-1: DOUBLE (Line Drive, 8LXD, EV 91.9 MPH)
Pitching: RHP Tony Young
Batting: LHB Fallon Harrigan 0-0: Swinging Strike
0-1: Ball
1-1: Foul Ball, location: 9LDF
1-2: Ball
2-2: Ball
3-2: DOUBLE (Flyball, 78D, EV 110.6 MPH)
Nick Burkard scores
Batting: RHB Joshua Massengill 0-0: Ball
1-0: Called Strike
1-1: Ball
2-1: Ball
3-1: Foul Ball, location: 23FF
3-2: Foul Ball, location: 2F
3-2: Foul Ball, location: 2F
3-2: Strikes out swinging
Top of the 5th over - 1 run, 2 hits, 0 errors, 1 left on base; Houston 1 - Vancouver 3
BOTTOM OF THE 5TH
Vancouver Cascades batting - Pitching for Houston Astros : RHP Isaiah Beauregard
Batting: RHB Jessie Cochran 0-0: Called Strike
0-1: Ball
1-1: Ground out 6-3 (Groundball, 6, EV 83.8 MPH)
Batting: RHB Adam Young 0-0: Ball
1-0: Foul Ball, location: 23F
1-1: Foul Ball, location: 2F
1-2: Ground out U3 (Groundball, 34, EV 90.6 MPH)
Batting: LHB Rey Esparza 0-0: Ball
1-0: DOUBLE (Line Drive, 7LS, EV 111.3 MPH)
Batting: LHB Tony Patino 0-0: Ball
1-0: Ball
2-0: Foul Ball, location: 2F
2-1: Fly out, F8 (Flyball, 8RM, EV 90.0 MPH)
Bottom of the 5th over - 0 runs, 1 hit, 0 errors, 1 left on base; Houston 1 - Vancouver 3
TOP OF THE 6TH
Houston Astros batting - Pitching for Vancouver Cascades : RHP Tony Young
Batting: RHB Stephan Davis 0-0: Ball
1-0: Swinging Strike
1-1: Foul Ball, location: 5F
1-2: Ball
2-2: Strikes out swinging
Batting: RHB Bill Thyfault 0-0: Ball
1-0: Swinging Strike
1-1: Fly out, F9 (Line Drive, 89M, EV 91.9 MPH)
Batting: RHB Rick Howard 0-0: Ball
1-0: Swinging Strike
1-1: Foul Ball, location: 9LMF
1-2: Strikes out swinging
Top of the 6th over - 0 runs, 0 hits, 0 errors, 0 left on base; Houston 1 - Vancouver 3
BOTTOM OF THE 6TH
Vancouver Cascades batting - Pitching for Houston Astros : RHP Isaiah Beauregard
Batting: LHB Lawrence Carla 0-0: Swinging Strike
0-1: Ball
1-1: Called Strike
1-2: Strikes out swinging
Batting: LHB Tony Wichmann 0-0: Foul Ball, location: 25FF
0-1: SOLO HOME RUN (Flyball, 8LXD, EV 104.4 MPH), Distance : 435 ft
Pitching: RHP Stephen Sterling
Batting: RHB Echo Warren 0-0: Called Strike
0-1: Foul Ball, location: 5FF
0-2: Ball
1-2: Ball
2-2: Ball
3-2: SOLO HOME RUN (Flyball, 7LD, EV 95.0 MPH), Distance : 344 ft
Batting: SHB Beau Koss 0-0: Called Strike
0-1: Swinging Strike
0-2: Foul Ball, location: 7LSF
0-2: Foul Ball, location: 23FF
0-2: Foul Ball, location: 3FF
0-2: Ball
1-2: Ball
2-2: Ball
3-2: Strikes out looking
Batting: SHB Asher Wurtz 0-0: Ground out 5-3 (Groundball, 56, EV 106.3 MPH)
Bottom of the 6th over - 2 runs, 2 hits, 0 errors, 0 left on base; Houston 1 - Vancouver 5
TOP OF THE 7TH
Houston Astros batting - Pitching for Vancouver Cascades : RHP Tony Young
Batting: LHB Caleb England 0-0: Called Strike
0-1: Swinging Strike
0-2: Ball
1-2: Ball
2-2: Strikes out swinging
Batting: RHB P.J. Sandino 0-0: Called Strike
0-1: Swinging Strike
0-2: Ball
1-2: Ball
2-2: Ball
3-2: Foul Ball, location: 9LDF
3-2: Ground out 6-3 (Groundball, 6, EV 87.5 MPH)
Batting: LHB Austin Mitchell 0-0: SOLO HOME RUN (Flyball, 7D, EV 96.3 MPH), Distance : 365 ft
Pitching: LHP Chris Kazan
Batting: RHB Nick Burkard 0-0: Ball
1-0: Foul Ball, location: 9LDF
1-1: Ball
2-1: Ball
3-1: DOUBLE (Line Drive, 7LD, EV 105.0 MPH)
Batting: LHB Fallon Harrigan 0-0: Called Strike
0-1: Swinging Strike
0-2: Ball
1-2: Ball
2-2: Strikes out swinging
Top of the 7th over - 1 run, 2 hits, 0 errors, 1 left on base; Houston 2 - Vancouver 5
BOTTOM OF THE 7TH
Vancouver Cascades batting - Pitching for Houston Astros : RHP Stephen Sterling
Batting: RHB Jessie Cochran 0-0: Ball
1-0: Called Strike
1-1: Foul Ball, location: 2F
1-2: SINGLE (Groundball, 6MD, EV 101.3 MPH)
Pitching: RHP Austin Norris
Batting: RHB Adam Young 0-0: Ball
1-0: Called Strike
1-1: Swinging Strike
1-2: Ball
2-2: Ball
3-2: Foul Ball, location: 3SF
3-2: Foul Ball, location: 25F
3-2: SINGLE (Line Drive, 7S, EV 93.8 MPH)
Jessie Cochran to second
Batting: LHB Rey Esparza 0-0: Ball
1-0: Foul Ball, location: 2F
1-1: Ball
2-1: Foul Ball, location: 2F
2-2: Strikes out swinging
Batting: LHB Tony Patino 0-0: Called Strike
0-1: Called Strike
0-2: Foul Ball, location: 2F
0-2: Ball
1-2: Foul Ball, location: 25F
1-2: Fly out, F8 (Flyball, 78D, EV 101.9 MPH)
Batting: LHB Lawrence Carla 0-0: Ball
1-0: Called Strike
1-1: Foul Ball, location: 7LSF
1-2: Foul Ball, location: 2F
1-2: Strikes out looking
Bottom of the 7th over - 0 runs, 2 hits, 0 errors, 2 left on base; Houston 2 - Vancouver 5
TOP OF THE 8TH
Houston Astros batting - Pitching for Vancouver Cascades : LHP Chris Kazan
Batting: RHB Joshua Massengill 0-0: Ball
1-0: Ball
2-0: Fly out, F9 (Flyball, 9S, EV 88.8 MPH)
Batting: RHB Stephan Davis 0-0: Foul Ball, location: 25F
0-1: SINGLE (Line Drive, 4M, EV 101.9 MPH)
Batting: RHB Bill Thyfault 0-0: Foul Ball, location: 2F
0-1: 2-RUN HOME RUN (Flyball, 9LD, EV 93.1 MPH), Distance : 337 ft
Batting: RHB Rick Howard 0-0: Called Strike
0-1: Called Strike
0-2: Ball
1-2: Foul Ball, location: 9LMF
1-2: Ball
2-2: Strikes out swinging
Batting: LHB Caleb England 0-0: Ball
1-0: Ball
2-0: Ball
3-0: Called Strike
3-1: Foul Ball, location: 5F
3-2: Fly out, F8 (Flyball, 78M, EV 88.8 MPH)
Top of the 8th over - 2 runs, 2 hits, 0 errors, 0 left on base; Houston 4 - Vancouver 5
BOTTOM OF THE 8TH
Vancouver Cascades batting - Pitching for Houston Astros : RHP Austin Norris
Pitching: LHP Dominic Webster
Batting: LHB Tony Wichmann 0-0: Called Strike
0-1: Called Strike
0-2: Ball
1-2: Ball
2-2: Ball
3-2: Strikes out looking
Batting: RHB Echo Warren 0-0: Ball
1-0: Called Strike
1-1: Foul Ball, location: 2F
1-2: Strikes out swinging
Batting: SHB Beau Koss 0-0: Called Strike
0-1: Ball
1-1: SINGLE (Groundball, 4D, EV 100.0 MPH)
Batting: SHB Asher Wurtz 0-0: Ball
1-0: Foul Ball, location: 5F
1-1: Called Strike
1-2: Foul Ball, location: 3F
1-2: Strikes out swinging
Bottom of the 8th over - 0 runs, 1 hit, 0 errors, 1 left on base; Houston 4 - Vancouver 5
TOP OF THE 9TH
Houston Astros batting - Pitching for Vancouver Cascades : LHP Chris Kazan
Now in CF: Frank Hare
Batting: RHB P.J. Sandino 0-0: Called Strike
0-1: Ball
1-1: Called Strike
1-2: Fly out, F8 (Line Drive, 8LD, EV 99.4 MPH)
Batting: LHB Austin Mitchell 0-0: Foul Ball, location: 7LDF
0-1: Called Strike
0-2: Ball
1-2: Ball
2-2: Strikes out looking
Batting: RHB Nick Burkard 0-0: Ball
1-0: Called Strike
1-1: Ground out 5-3 (Groundball, 5, EV 103.8 MPH)
Top of the 9th over - 0 runs, 0 hits, 0 errors, 0 left on base; Houston 4 - Vancouver 5
Monday, April 22nd , 2024 - OOTP Baseball 24.11 Build 85